Workbook

Sheet Programa de Invest
A2: PRESSUPOSTOS DE BASE
A4: STOCK DE CAPITAL | B4: 130000
A7: Codego Projeto | B7: Período 0 | C7: Período 1 | D7: Período 2 | E7: Período 3 | F7: Período 4 | G7: Período 5 | H7: Total
A8: Projeto MIM | B8: 25000 | C8: 12000 | D8: 10000 | E8: 8000 | H8: =+SUM(B8:G8) -> 55000
A9: Projeto MAX | B9: 85000 | H9: =+SUM(B9:G9) -> 85000
A10: Projeto ZAPY's | B10: 50000 | C10: 5000 | D10: 5000 | E10: 5000 | F10: 5000 | H10: =+SUM(B10:G10) -> 70000
A11: Projeto ZANA's | B11: 45000 | C11: 10000 | D11: 10000 | E11: 10000 | H11: =+SUM(B11:G11) -> 75000
A12: Projeto MAYO | B12: 65000 | H12: =+SUM(B12:G12) -> 65000
A13: Projeto BVIST | B13: 68000 | H13: =+SUM(B13:G13) -> 68000
A14: Projeto SAL | B14: 25000 | D14: 25000 | F14: 15000 | H14: =+SUM(B14:G14) -> 65000
A15: Projeto PRAIA | B15: 20000 | C15: 20000 | D15: 15000 | E15: 15000 | H15: =+SUM(B15:G15) -> 70000
A16: Projeto DANA | B16: 75000 | H16: =+SUM(B16:G16) -> 75000
A17: Projeto DAMA | B17: 12500 | C17: 12500 | D17: 12500 | E17: 12500 | F17: 12500 | G17: 12500 | H17: =+SUM(B17:G17) -> 75000
A22: Codego Projeto | B22: Período 0 | C22: Período 1 | D22: Período 2 | E22: Período 3 | F22: Período 4 | G22: Período 5 | H22: Total
A23: Projeto MIM | C23: 15000 | D23: 15000 | E23: 15000 | F23: 15000 | G23: 15000 | H23: =+SUM(B23:G23) -> 75000
A24: Projeto MAX | C24: 15000 | D24: 25000 | E24: 32000 | F24: 36000 | G24: 38000 | H24: =+SUM(B24:G24) -> 146000
A25: Projeto ZAPY's | C25: -8000 | D25: 12500 | E25: =+D25*1.25 -> 15625 | F25: =+E25*1.25 -> 19531.25 | G25: =+F25*1.25 -> 24414.062 | H25: =+SUM(B25:G25) -> 64070.312
A26: Projeto ZANA's | C26: 15000 | D26: 15000 | E26: 15000 | F26: 15000 | G26: 15000 | H26: =+SUM(B26:G26) -> 75000
A27: Projeto MAYO | C27: -15000 | D27: -10000 | E27: 45000 | F27: =+E27*1.25 -> 56250 | G27: =+F27*1.25 -> 70312.5 | H27: =+SUM(B27:G27) -> 146562.5
A28: Projeto BVIST | C28: 15000 | D28: =+C28*1.2 -> 18000 | E28: =+D28*1.2 -> 21600 | F28: =+E28*1.2 -> 25920 | G28: =+F28*1.2 -> 31104 | H28: =+SUM(B28:G28) -> 111624
A29: Projeto SAL | C29: 20000 | D29: 20000 | E29: 20000 | F29: 20000 | G29: 20000 | H29: =+SUM(B29:G29) -> 100000
A30: Projeto PRAIA | C30: 20000 | D30: =+C30*1.3 -> 26000 | E30: =+D30*1.3 -> 33800 | F30: =+E30*1.3 -> 43940 | G30: =+F30*1.3 -> 57122 | H30: =+SUM(B30:G30) -> 180862
A31: Projeto DANA | C31: -10000 | D31: 30000 | E31: 32000 | F31: 36000 | G31: 38000 | H31: =+SUM(B31:G31) -> 126000
A32: Projeto DAMA | C32: -10000 | D32: 30000 | E32: 40000 | F32: 50000 | G32: 60000 | H32: =+SUM(B32:G32) -> 170000
A35: Quadro 3 - Custo do Capital Ajustado ao Mecado
A36: IPC - Previsão | B36: P0 | C36: P1 | D36: P2 | E36: P3 | F36: P4 | G36: P5 | H36: P6 | I36: P7 | J36: P8
A37: Taxa de juro | B37: 0.12
A41: Quadro 4 - Tendencias e previsões de Inflação
A42: IPC - Historicos | B42: 2005 | C42: 2005 | D42: 2006 | E42: 2007 | F42: 2008 | G42: 2009 | H42: 2010 | I42: 2011 | J42: 2012
A43: Janeiro | D43: 0.6 | E43: 5.1 | F43: 4.5 | G43: 7 | H43: 0.5 | I43: 2.3 | J43: 4.5
A44: Fevereiro | C44: -1.4 | D44: 1 | E44: 5.2 | F44: 4.5 | G44: 7.1 | H44: 0 | I44: 2.7 | J44: 4.3
A45: Março | C45: -1.3 | D45: 1.4 | E45: 5.2 | F45: 4.6 | G45: 7.1 | H45: -0.3 | I45: 3 | J45: 4.1
A46: Abril | C46: -1.1 | D46: 1.8 | E46: 5.1 | F46: 4.9 | G46: 6.7 | H46: -0.2 | I46: 3.3 | J46: 3.8
A47: Maio | C47: -1 | D47: 2.5 | E47: 4.9 | F47: 5.1 | G47: 6.4 | H47: -0.2 | I47: 3.5 | J47: 3.5
A48: Junho | C48: -0.8 | D48: 3 | E48: 4.5 | F48: 5.6 | G48: 5.8 | H48: 0 | I48: 3.7 | J48: 3.2
A49: Julho | C49: -0.6 | D49: 3.5 | E49: 4.4 | F49: 5.9 | G49: 5 | H49: 0.3 | I49: 4 | J49: 3
A50: Agosto | C50: -0.3 | D50: 3.6 | E50: 4.5 | F50: 6.1 | G50: 4.3 | H50: 0.6 | I50: 4.1 | J50: 2.8
A51: Setembro | C51: 0 | D51: 3.8 | E51: 4.6 | F51: 6.2 | G51: 3.4 | H51: 0.9 | I51: 4.2 | J51: 2.6
A52: Outubro | C52: 0.1 | D52: 4.1 | E52: 4.7 | F52: 6.4 | G52: 2.3 | H52: 1.4 | I52: 4.3 | J52: 2.5
A53: Novembro | C53: 0.3 | D53: 4.5 | E53: 4.6 | F53: 6.6 | G53: 1.6 | H53: 1.8 | I53: 4.5 | J53: =+AVERAGE(J43:J52) -> 3.43
A54: Dezembro | C54: 0.4 | D54: 4.8 | E54: 4.4 | F54: 6.8 | G54: 1 | H54: 2.1 | I54: 4.5 | J54: =+AVERAGE(J43:J53) -> 3.43
A55: Media IPC - Periodo | C55: =+AVERAGE(C43:C54) -> -0.51818182 | D55: =+AVERAGE(D43:D54) -> 2.8833333 | E55: =+AVERAGE(E43:E54) -> 4.7666667 | F55: =+AVERAGE(F43:F54) -> 5.6 | G55: =+AVERAGE(G43:G54) -> 4.8083333 | H55: =+AVERAGE(H43:H54) -> 0.575 | I55: =+AVERAGE(I43:I54) -> 3.675 | J55: =+AVERAGE(J43:J54) -> 3.43 | K55: =+AVERAGE(C55:J55) -> 3.1525189
A56: Variação IPC - Historico | D56: =+(D55-C55)/C55 -> -6.5643275 | E56: =+(E55-D55)/D55 -> 0.65317919 | F56: =+(F55-E55)/E55 -> 0.17482517 | G56: =+(G55-F55)/F55 -> -0.14136905 | H56: =+(H55-G55)/G55 -> -0.88041594 | I56: =+(I55-H55)/H55 -> 5.3913043 | J56: =+(J55-I55)/I55 -> -0.066666667 | K56: =+AVERAGE(C56:J56) -> -0.20478149
A57: IPC - Previsão | B57: P0 | C57: P1 | D57: P2 | E57: P3 | F57: P4 | G57: P5 | H57: P6 | I57: P7 | J57: P8
A58: IPC ( Inflação) Tendências previsionais | C58: =+(J55*(1-K56))/100 -> 0.041324005 | D58: =+C58*(1.2) -> 0.049588806 | E58: =+D58*(1.2) -> 0.059506567 | F58: =+E58*(1+K56) -> 0.047320724 | G58: =+F58*(1+K56) -> 0.037630315 | H58: =+G58*(1+K56) -> 0.029924323 | I58: Desconhecida | J58: Desconhecida
A59: Fonte: Elaborado com base dados da INE, www.bcv.cv(2012)
A61: Quadro 4 - Probabilidade aplicaveis aos fluxos previsionais dos projetos
B62: P0 | C62: P1 | D62: P2 | E62: P3 | F62: P4 | G62: P5 | H62: P6 | I62: P7 | J62: P8
A63: Probabilidade de Ocorrencia | B63: 1 | C63: =1-C64 -> 0.8 | D63: 0.75 | E63: 0.6 | F63: 0.69 | G63: =1-G64 -> 0.85 | H63: 0.6 | I63: =1-I64 -> 0.6
A64: Probabilidade de não Ocorrencia | B64: =1-1 -> 0 | C64: 0.2 | D64: 0.25 | E64: =1-E63 -> 0.4 | F64: =1-F63 -> 0.31 | G64: 0.15 | H64: 0.4 | I64: 0.4 | J64: 0.4

Sheet VAL Unica Sem Inflação
B2: ESTUDO DE CASO
B6: ='[1]Investimento Unico'!$A$8 -> Projeto MAX | C6: C | D6: D | E6: E | F6: F | G6: G | H6: H | I6: I
B7: Elementos | C7: P0 | D7: P1 | E7: P2 | F7: P3 | G7: P4 | H7: P5 | I7: Total
B8: Investimento inicial | C8: ='[1]Investimento Unico'!$B$8 -> 85000 | I8: =+SUM(C8:H8) -> 85000
B9: Reforços Manutenção Investimento
B10: Cash-flow | C10: =-C8 -> -85000 | D10: ='[1]Programa de Invest (2)'!C$24 -> 15000 | E10: ='[1]Programa de Invest (2)'!D$24 -> 25000 | F10: ='[1]Programa de Invest (2)'!E$24 -> 32000 | G10: ='[1]Programa de Invest (2)'!F$24 -> 36000 | H10: ='[1]Programa de Invest (2)'!G$24 -> 38000 | I10: =+SUM(C10:H10) -> 61000
B11: CF acumulado | C11: =C10 -> -85000 | D11: =SUM(C11,D10) -> -70000 | E11: =SUM(D11,E10) -> -45000 | F11: =SUM(E11,F10) -> -13000 | G11: =SUM(F11,G10) -> 23000 | H11: =SUM(G11,H10) -> 61000 | I11: =SUM(H11,I10) -> 122000
B12: Taxa Atualização | C12: ='[1]Programa de Invest (2)'!$B$37 -> 0.12
B14: VAL | C14: =+NPV(C12,D10:H10)-C8 -> 15540.543
B16: IR | C16: =+(C14/C8)+1 -> 1.1828299
B18: TIR | C18: =IRR(C10:H10,C12) -> 0.18143778
B20: Pay Back Period | C20: =3+(-F11/G10) -> 3.3611111
B23: ='[1]Investimento Unico'!$A$9 -> Projeto MAYO | C23: C | D23: D | E23: E | F23: F | G23: G | H23: H | I23: I
B24: Elementos | C24: P0 | D24: P1 | E24: P2 | F24: P3 | G24: P4 | H24: P5 | I24: Total
B25: Investimento inicial | C25: ='[1]Investimento Unico'!$B$9 -> 65000 | I25: =+SUM(C25:H25) -> 65000
B26: Reforços Manutenção Investimento
B27: Cash-flow | C27: =-C25 -> -65000 | D27: ='[1]Programa de Invest (2)'!C$27 -> -15000 | E27: ='[1]Programa de Invest (2)'!D$27 -> -10000 | F27: ='[1]Programa de Invest (2)'!E$27 -> 45000 | G27: ='[1]Programa de Invest (2)'!F$27 -> 56250 | H27: ='[1]Programa de Invest (2)'!G$27 -> 70312.5 | I27: =+SUM(C27:H27) -> 81562.5
B28: CF acumulado ( Aplicação Única) | C28: =C27 -> -65000 | D28: =SUM(C28,D27) -> -80000 | E28: =SUM(D28,E27) -> -90000 | F28: =SUM(E28,F27) -> -45000 | G28: =SUM(F28,G27) -> 11250 | H28: =SUM(G28,H27) -> 81562.5 | I28: =+SUM(C28:H28) -> -187187.5
B29: Taxa Atualização | C29: ='[1]Programa de Invest (2)'!$B$37 -> 0.12
B31: VAL | C31: =+NPV(C29,D27:H27)-C25 -> 21310.408
B33: IR | C33: =+(C31/C25)+1 -> 1.3278524
B35: TIR | C35: =IRR(C27:H27,C29) -> 0.18830111
B37: Pay Back Period | C37: =3+(-F28/G27) -> 3.8
B40: ='[1]Programa de Invest (2)'!$A$28 -> Projeto BVIST | C40: C | D40: D | E40: E | F40: F | G40: G | H40: H | I40: I
B41: Elementos | C41: P0 | D41: P1 | E41: P2 | F41: P3 | G41: P4 | H41: P5 | I41: Total
B42: Investimento inicial | C42: ='[1]Programa de Invest (2)'!$B$12 -> 65000 | I42: =+SUM(C42:H42) -> 65000
B43: Reforços Manutenção Investimento
B44: Cash-flow | C44: =-C42 -> -65000 | D44: ='[1]Programa de Invest (2)'!C$28 -> 15000 | E44: ='[1]Programa de Invest (2)'!D$28 -> 18000 | F44: ='[1]Programa de Invest (2)'!E$28 -> 21600 | G44: ='[1]Programa de Invest (2)'!F$28 -> 25920 | H44: ='[1]Programa de Invest (2)'!G$28 -> 31104 | I44: =+SUM(C44:H44) -> 46624
B45: CF acumulado | C45: =C44 -> -65000 | D45: =SUM(C45,D44) -> -50000 | E45: =SUM(D45,E44) -> -32000 | F45: =SUM(E45,F44) -> -10400 | G45: =SUM(F45,G44) -> 15520 | H45: =SUM(G45,H44) -> 46624 | I45: =+SUM(C45:H45) -> -95256
B46: Taxa Atualização | C46: ='[1]Programa de Invest (2)'!$B$37 -> 0.12
B48: VAL | C48: =+NPV(C46,D44:H44)-C42 -> 12238.674
B50: IR | C50: =+(C48/C42)+1 -> 1.1882873
B52: TIR | C52: =IRR(C44:H44,C46) -> 0.18448072
B54: Pay Back Period | C54: =3+(-F45/G44) -> 3.4012346
B57: ='[1]Programa de Invest (2)'!$A$31 -> Projeto DANA | C57: C | D57: D | E57: E | F57: F | G57: G | H57: H | I57: I
B58: Elementos | C58: P0 | D58: P1 | E58: P2 | F58: P3 | G58: P4 | H58: P5 | I58: Total
B59: Investimento inicial | C59: ='[1]Programa de Invest (2)'!$B$16 -> 75000 | I59: =+SUM(C59:H59) -> 75000
B60: Reforços Manutenção Investimento
B61: Cash-flow | C61: =-C59 -> -75000 | D61: ='[1]Programa de Invest (2)'!C$31 -> -10000 | E61: ='[1]Programa de Invest (2)'!D$31 -> 30000 | F61: ='[1]Programa de Invest (2)'!E$31 -> 32000 | G61: ='[1]Programa de Invest (2)'!F$31 -> 36000 | H61: ='[1]Programa de Invest (2)'!G$31 -> 38000 | I61: =+SUM(C61:H61) -> 51000
B62: CF acumulado | C62: =C61 -> -75000 | D62: =SUM(C62,D61) -> -85000 | E62: =SUM(D62,E61) -> -55000 | F62: =SUM(E62,F61) -> -23000 | G62: =SUM(F62,G61) -> 13000 | H62: =SUM(G62,H61) -> 51000 | I62: =+SUM(C62:H62) -> -174000
B63: Taxa Atualização | C63: ='[1]Programa de Invest (2)'!$B$37 -> 0.12
B65: VAL | C65: =+NPV(C63,D61:H61)-C59 -> 7205.0842
B67: IR | C67: =+(C65/C59)+1 -> 1.0960678
B69: TIR | C69: =IRR(C61:H61,C63) -> 0.14795089
B71: Pay Back Period | C71: =3+(-F62/G61) -> 3.6388889

Sheet Multipla sem inflação
A4: ='[2]Programa de Invest'!$A$8 -> Projeto MIM | B4: C | C4: D | D4: E | E4: F | F4: G | G4: H | H4: I
A5: Elementos | B5: P0 | C5: P1 | D5: P2 | E5: P3 | F5: P4 | G5: P5 | H5: Total
A6: Investimento inicial | B6: ='[2]Programa de Invest'!$B$8 -> 25000 | H6: =+SUM(B6:G6) -> 25000
A7: Reforços Manutenção Investimento | B7: =+NPV(B9,C7:E7) -> 24380.466 | C7: ='[2]Programa de Invest'!C8 -> 12000 | D7: ='[2]Programa de Invest'!D8 -> 10000 | E7: ='[2]Programa de Invest'!E8 -> 8000 | H7: =+SUM(B7:G7) -> 54380.466
A8: Cash-flow | B8: =-B6 -> -25000 | C8: ='[2]Programa de Invest'!C23 -> 15000 | D8: ='[2]Programa de Invest'!D23 -> 15000 | E8: ='[2]Programa de Invest'!E23 -> 15000 | F8: ='[2]Programa de Invest'!F23 -> 15000 | G8: ='[2]Programa de Invest'!G23 -> 15000 | H8: =+SUM(B8:G8) -> 50000
A9: Taxa Atualização | B9: ='[2]Programa de Invest'!$B$37 -> 0.12
A11: VAL (Aplicação Multiplas) | B11: =+NPV(B9,C8:G8)-(B6+NPV(B9,C7:G7)) -> 4691.1766
A13: IR (Aplicação Multiplas) | B13: =+(B11/(B6+B7))+1 -> 1.0950007
A16: =A4 -> Projeto MIM | B16: C | C16: D | D16: E | E16: F | F16: G | G16: H | H16: I
A17: Elementos | B17: P0 | C17: P1 | D17: P2 | E17: P3 | F17: P4 | G17: P5 | H17: Total
A18: Investimento inicial | B18: =-B6 -> -25000 | H18: =+SUM(B18:G18) -> -25000
A19: Reforços Manutenção Investimento | C19: =-C7 -> -12000 | D19: =-D7 -> -10000 | E19: =-E7 -> -8000 | H19: =+SUM(B19:G19) -> -30000
A20: Cash-flow | B20: =+B18 -> -25000 | C20: =C8 -> 15000 | D20: =D8 -> 15000 | E20: =E8 -> 15000 | F20: =F8 -> 15000 | G20: =G8 -> 15000 | H20: =+SUM(B20:G20) -> 50000
A21: Taxa Atualização | B21: =B9 -> 0.12
A23: TIR (Aplicação Multiplas) | B23: =+IRR(B19:G20,B21) -> 0.077697066
A27: =A16 -> Projeto MIM | B27: C | C27: D | D27: E | E27: F | F27: G | G27: H | H27: I
A28: Elementos | B28: P0 | C28: P1 | D28: P2 | E28: P3 | F28: P4 | G28: P5 | H28: Total
A29: Investimento inicial | B29: =B18 -> -25000 | H29: =+SUM(B29:G29) -> -25000
A30: Reforços Manutenção Investimento | C30: =C19 -> -12000 | D30: =D19 -> -10000 | E30: =E19 -> -8000 | H30: =+SUM(B30:G30) -> -30000
A31: Cash-flow | B31: =+B29 -> -25000 | C31: =C20 -> 15000 | D31: =D20 -> 15000 | E31: =E20 -> 15000 | F31: =F20 -> 15000 | G31: =G20 -> 15000 | H31: =+SUM(B31:G31) -> 50000
A32: Taxa Atualização | B32: =B21 -> 0.12
A34: CF Acumulado (Aplicação Multipla) | B34: =B20 -> -25000 | C34: =+B34+C31+C30 -> -22000 | D34: =+C34+D31+D30 -> -17000 | E34: =+D34+E31+E30 -> -10000 | F34: =+E34+F31+F30 -> 5000 | G34: =+F34+G31+G30 -> 20000 | H34: =+G34+H31+H30 -> 40000
A36: Pay Back Period (Aplicação Multiplas) | B36: =3+(-E34/(F31+F30)) -> 3.6666667
A42: ='[2]Programa de Invest'!$A$10 -> Projeto ZAPY's | B42: C | C42: D | D42: E | E42: F | F42: G | G42: H | H42: I
A43: Elementos | B43: P0 | C43: P1 | D43: P2 | E43: P3 | F43: P4 | G43: P5 | H43: Total
A44: Investimento inicial | B44: ='[2]Programa de Invest'!$B$10 -> 50000 | H44: =+SUM(B44:G44) -> 50000
A45: Reforços Manutenção Investimento | B45: =+NPV(B47,C45:E45) -> 12009.156 | C45: ='[2]Programa de Invest'!C10 -> 5000 | D45: ='[2]Programa de Invest'!D10 -> 5000 | E45: ='[2]Programa de Invest'!E10 -> 5000 | F45: ='[2]Programa de Invest'!F10 -> 5000 | H45: =+SUM(B45:G45) -> 32009.156
A46: Cash-flow | B46: =-B44 -> -50000 | C46: ='[2]Programa de Invest'!C25 -> -8000 | D46: ='[2]Programa de Invest'!D25 -> 12500 | E46: ='[2]Programa de Invest'!E25 -> 15625 | F46: ='[2]Programa de Invest'!F25 -> 19531.25 | G46: ='[2]Programa de Invest'!G25 -> 24414.062 | H46: =+SUM(B46:G46) -> 14070.312
A47: Taxa Atualização | B47: ='[2]Programa de Invest'!$B$37 -> 0.12
A49: VAL (Aplicação Multiplas) | B49: =+NPV(B47,C46:G46)-(B44+NPV(B47,C45:G45)) -> -24977.457
A51: IR (Aplicação Multiplas) | B51: =+(B49/(B44+B45))+1 -> 0.59719728
A54: =A42 -> Projeto ZAPY's | B54: C | C54: D | D54: E | E54: F | F54: G | G54: H | H54: I
A55: Elementos | B55: P0 | C55: P1 | D55: P2 | E55: P3 | F55: P4 | G55: P5 | H55: Total
A56: Investimento inicial | B56: =-B44 -> -50000 | H56: =+SUM(B56:G56) -> -50000
A57: Reforços Manutenção Investimento | C57: =-C45 -> -5000 | D57: =-D45 -> -5000 | E57: =-E45 -> -5000 | F57: =-F45 -> -5000 | H57: =+SUM(B57:G57) -> -20000
A58: Cash-flow | B58: =+B56 -> -50000 | C58: =C46 -> -8000 | D58: =D46 -> 12500 | E58: =E46 -> 15625 | F58: =F46 -> 19531.25 | G58: =G46 -> 24414.062 | H58: =+SUM(B58:G58) -> 14070.312
A59: Taxa Atualização | B59: =B47 -> 0.12
A61: TIR (Aplicação Multiplas) | B61: =+IRR(B57:G58,B59) -> -0.018182846
A65: =A54 -> Projeto ZAPY's | B65: C | C65: D | D65: E | E65: F | F65: G | G65: H | H65: I
A66: Elementos | B66: P0 | C66: P1 | D66: P2 | E66: P3 | F66: P4 | G66: P5 | H66: Total
A67: Investimento inicial | B67: =B56 -> -50000 | H67: =+SUM(B67:G67) -> -50000
A68: Reforços Manutenção Investimento | C68: =C57 -> -5000 | D68: =D57 -> -5000 | E68: =E57 -> -5000 | F68: =F57 -> -5000 | H68: =+SUM(B68:G68) -> -20000
A69: Cash-flow | B69: =+B67 -> -50000 | C69: =C58 -> -8000 | D69: =D58 -> 12500 | E69: =E58 -> 15625 | F69: =F58 -> 19531.25 | G69: =G58 -> 24414.062 | H69: =+SUM(B69:G69) -> 14070.312
A70: Taxa Atualização | B70: =B59 -> 0.12
A72: CF Acumulado (Aplicação Multipla) | B72: =B58 -> -50000 | C72: =+B72+C69+C68 -> -63000 | D72: =+C72+D69+D68 -> -55500 | E72: =+D72+E69+E68 -> -44875 | F72: =+E72+F69+F68 -> -30343.75 | G72: =+F72+G69+G68 -> -5929.6875 | H72: =+G72+H69+H68 -> -11859.375
A74: Pay Back Period (Aplicação Multiplas) | B74: >5
A79: ='[2]Programa de Invest'!$A$11 -> Projeto ZANA's | B79: C | C79: D | D79: E | E79: F | F79: G | G79: H | H79: I
A80: Elementos | B80: P0 | C80: P1 | D80: P2 | E80: P3 | F80: P4 | G80: P5 | H80: Total
A81: Investimento inicial | B81: ='Programa de Invest'!B11 -> 45000 | H81: =+SUM(B81:G81) -> 45000
A82: Reforços Manutenção Investimento | B82: =+NPV(B84,C82:E82) -> 24018.313 | C82: ='Programa de Invest'!C11 -> 10000 | D82: ='Programa de Invest'!D11 -> 10000 | E82: ='Programa de Invest'!E11 -> 10000 | H82: =+SUM(B82:G82) -> 54018.313
A83: Cash-flow | B83: =-B81 -> -45000 | C83: ='Programa de Invest'!C26 -> 15000 | D83: ='Programa de Invest'!D26 -> 15000 | E83: ='Programa de Invest'!E26 -> 15000 | F83: ='Programa de Invest'!F26 -> 15000 | G83: ='Programa de Invest'!G26 -> 15000 | H83: =+SUM(B83:G83) -> 30000
A84: Taxa Atualização | B84: ='[2]Programa de Invest'!$B$37 -> 0.12
A86: VAL (Aplicação Multiplas) | B86: =+NPV(B84,C83:G83)-(B81+NPV(B84,C82:G82)) -> -14946.67
A88: IR (Aplicação Multiplas) | B88: =+(B86/(B81+B82))+1 -> 0.78343907
A91: =A79 -> Projeto ZANA's | B91: C | C91: D | D91: E | E91: F | F91: G | G91: H | H91: I
A92: Elementos | B92: P0 | C92: P1 | D92: P2 | E92: P3 | F92: P4 | G92: P5 | H92: Total
A93: Investimento inicial | B93: =-B81 -> -45000 | H93: =+SUM(B93:G93) -> -45000
A94: Reforços Manutenção Investimento | C94: =-C82 -> -10000 | D94: =-D82 -> -10000 | E94: =-E82 -> -10000 | H94: =+SUM(B94:G94) -> -30000
A95: Cash-flow | B95: =+B93 -> -45000 | C95: =C83 -> 15000 | D95: =D83 -> 15000 | E95: =E83 -> 15000 | F95: =F83 -> 15000 | G95: =G83 -> 15000 | H95: =+SUM(B95:G95) -> 30000
A96: Taxa Atualização | B96: =B84 -> 0.12
A98: TIR (Aplicação Multiplas) | B98: =+IRR(B94:G95,B96) -> 0
A102: =A91 -> Projeto ZANA's | B102: C | C102: D | D102: E | E102: F | F102: G | G102: H | H102: I
A103: Elementos | B103: P0 | C103: P1 | D103: P2 | E103: P3 | F103: P4 | G103: P5 | H103: Total
A104: Investimento inicial | B104: =B93 -> -45000 | H104: =+SUM(B104:G104) -> -45000
A105: Reforços Manutenção Investimento | C105: =C94 -> -10000 | D105: =D94 -> -10000 | E105: =E94 -> -10000 | H105: =+SUM(B105:G105) -> -30000
A106: Cash-flow | B106: =+B104 -> -45000 | C106: =C95 -> 15000 | D106: =D95 -> 15000 | E106: =E95 -> 15000 | F106: =F95 -> 15000 | G106: =G95 -> 15000 | H106: =+SUM(B106:G106) -> 30000
A107: Taxa Atualização | B107: =B96 -> 0.12
A109: CF Acumulado (Aplicação Multipla) | B109: =B95 -> -45000 | C109: =+B109+C106+C105 -> -40000 | D109: =+C109+D106+D105 -> -35000 | E109: =+D109+E106+E105 -> -30000 | F109: =+E109+F106+F105 -> -15000 | G109: =+F109+G106+G105 -> 0
A111: Pay Back Period (Aplicação Multiplas) | B111: =4+(-F109/(G106+G105)) -> 5
A115: ='Programa de Invest'!A29 -> Projeto SAL | B115: C | C115: D | D115: E | E115: F | F115: G | G115: H | H115: I
A116: Elementos | B116: P0 | C116: P1 | D116: P2 | E116: P3 | F116: P4 | G116: P5 | H116: Total
A117: Investimento inicial | B117: ='Programa de Invest'!B14 -> 25000 | H117: =+SUM(B117:G117) -> 25000
A118: Reforços Manutenção Investimento | B118: =+NPV(B120,C118:E118) -> 22321.429 | D118: ='Programa de Invest'!D14 -> 25000 | F118: ='Programa de Invest'!F14 -> 15000 | H118: =+SUM(B118:G118) -> 62321.429
A119: Cash-flow | B119: =-B117 -> -25000 | C119: ='Programa de Invest'!C29 -> 20000 | D119: ='Programa de Invest'!D29 -> 20000 | E119: ='Programa de Invest'!E29 -> 20000 | F119: ='Programa de Invest'!F29 -> 20000 | G119: ='Programa de Invest'!G29 -> 20000 | H119: =+SUM(B119:G119) -> 75000
A120: Taxa Atualização | B120: ='[2]Programa de Invest'!$B$37 -> 0.12
A122: VAL (Aplicação Multiplas) | B122: =+NPV(B120,C119:G119)-(B117+NPV(B120,C118:G118)) -> 12816.187
A124: IR (Aplicação Multiplas) | B124: =+(B122/(B117+B118))+1 -> 1.2708326
A127: =A115 -> Projeto SAL | B127: C | C127: D | D127: E | E127: F | F127: G | G127: H | H127: I
A128: Elementos | B128: P0 | C128: P1 | D128: P2 | E128: P3 | F128: P4 | G128: P5 | H128: Total
A129: Investimento inicial | B129: =-B117 -> -25000 | H129: =+SUM(B129:G129) -> -25000
A130: Reforços Manutenção Investimento | D130: =-D118 -> -25000 | F130: =-F118 -> -15000 | H130: =+SUM(B130:G130) -> -40000
A131: Cash-flow | B131: =+B129 -> -25000 | C131: =C119 -> 20000 | D131: =D119 -> 20000 | E131: =E119 -> 20000 | F131: =F119 -> 20000 | G131: =G119 -> 20000 | H131: =+SUM(B131:G131) -> 75000
A132: Taxa Atualização | B132: =B120 -> 0.12
A134: TIR (Aplicação Multiplas) | B134: =+IRR(B130:G131,B132) -> 0.11575948
A138: =A127 -> Projeto SAL | B138: C | C138: D | D138: E | E138: F | F138: G | G138: H | H138: I
A139: Elementos | B139: P0 | C139: P1 | D139: P2 | E139: P3 | F139: P4 | G139: P5 | H139: Total
A140: Investimento inicial | B140: =B129 -> -25000 | H140: =+SUM(B140:G140) -> -25000
A141: Reforços Manutenção Investimento | D141: =D130 -> -25000 | F141: =F130 -> -15000 | H141: =+SUM(B141:G141) -> -40000
A142: Cash-flow | B142: =+B140 -> -25000 | C142: =C131 -> 20000 | D142: =D131 -> 20000 | E142: =E131 -> 20000 | F142: =F131 -> 20000 | G142: =G131 -> 20000 | H142: =+SUM(B142:G142) -> 75000
A143: Taxa Atualização | B143: =B132 -> 0.12
A145: CF Acumulado (Aplicação Multipla) | B145: =B131 -> -25000 | C145: =+B145+C142+C141 -> -5000 | D145: =+C145+D142+D141 -> -10000 | E145: =+D145+E142+E141 -> 10000 | F145: =+E145+F142+F141 -> 15000 | G145: =+F145+G142+G141 -> 35000 | H145: =+G145+H142+H141 -> 70000
A147: Pay Back Period (Aplicação Multiplas) | B147: =3+(-D145/(E142+E141)) -> 3.5
A152: ='Programa de Invest'!A15 -> Projeto PRAIA | B152: C | C152: D | D152: E | E152: F | F152: G | G152: H | H152: I
A153: Elementos | B153: P0 | C153: P1 | D153: P2 | E153: P3 | F153: P4 | G153: P5 | H153: Total
A154: Investimento inicial | B154: ='Programa de Invest'!B15 -> 20000 | H154: =+SUM(B154:G154) -> 20000
A155: Reforços Manutenção Investimento | B155: =+NPV(B157,C155:E155) -> 40491.755 | C155: ='Programa de Invest'!C15 -> 20000 | D155: ='Programa de Invest'!D15 -> 15000 | E155: ='Programa de Invest'!E15 -> 15000 | H155: =+SUM(B155:G155) -> 90491.755
A156: Cash-flow | B156: =-B154 -> -20000 | C156: ='Programa de Invest'!C30 -> 20000 | D156: ='Programa de Invest'!D30 -> 26000 | E156: ='Programa de Invest'!E30 -> 33800 | F156: ='Programa de Invest'!F30 -> 43940 | G156: ='Programa de Invest'!G30 -> 57122 | H156: =+SUM(B156:G156) -> 160862
A157: Taxa Atualização | B157: ='[2]Programa de Invest'!$B$37 -> 0.12
A159: VAL (Aplicação Multiplas) | B159: =+NPV(B157,C156:G156)-(B154+NPV(B157,C155:G155)) -> 62487.823
A161: IR (Aplicação Multiplas) | B161: =+(B159/(B154+B155))+1 -> 2.0329974
...

Sheet Classificação VAL CIP 
C2: CRITERIO DE AVALIAÇÃO E ESCOLHA DE PROJETOS DE INVESTIMENTO
B8: Código projetos | C8: Invest. | D8: Período 1 | E8: Período 2 | F8: Período 3 | G8: Período 4 | H8: Período 5
B9: ='Classificação VAL CIP 2 (2)'!B29 -> Projeto MIM | C9: =-'Programa de Invest'!B8 -> -25000 | D9: ='Programa de Invest'!C8 -> 12000 | E9: ='Programa de Invest'!D8 -> 10000 | F9: ='Programa de Invest'!E8 -> 8000
B10: ='Classificação VAL CIP 2 (2)'!B30 -> Projeto MAX | C10: =-'Programa de Invest'!B9 -> -85000
B11: ='Classificação VAL CIP 2 (2)'!B31 -> Projeto ZAPY's | C11: =-'Programa de Invest'!B10 -> -50000 | D11: ='Programa de Invest'!C10 -> 5000 | E11: ='Programa de Invest'!D10 -> 5000 | F11: ='Programa de Invest'!E10 -> 5000 | G11: ='Programa de Invest'!F10 -> 5000
B12: ='Classificação VAL CIP 2 (2)'!B32 -> Projeto ZANA's | C12: =-'Programa de Invest'!B11 -> -45000 | D12: ='Programa de Invest'!C11 -> 10000 | E12: ='Programa de Invest'!D11 -> 10000 | F12: ='Programa de Invest'!E11 -> 10000
B13: ='Classificação VAL CIP 2 (2)'!B33 -> Projeto MAYO | C13: =-'Programa de Invest'!B12 -> -65000
B14: ='Classificação VAL CIP 2 (2)'!B34 -> Projeto BVIST | C14: =-'Programa de Invest'!B13 -> -68000
B15: ='Classificação VAL CIP 2 (2)'!B35 -> Projeto SAL | C15: =-'Programa de Invest'!B14 -> -25000 | E15: ='Programa de Invest'!D14 -> 25000 | G15: ='Programa de Invest'!F14 -> 15000
B16: ='Classificação VAL CIP 2 (2)'!B36 -> Projeto PRAIA | C16: =-'Programa de Invest'!B15 -> -20000 | D16: ='Programa de Invest'!C15 -> 20000 | E16: ='Programa de Invest'!D15 -> 15000 | F16: ='Programa de Invest'!E15 -> 15000
B17: ='Classificação VAL CIP 2 (2)'!B37 -> Projeto DANA | C17: =-'Programa de Invest'!B16 -> -75000
B18: ='Classificação VAL CIP 2 (2)'!B38 -> Projeto DAMA | C18: =-'Programa de Invest'!B17 -> -12500 | D18: ='Programa de Invest'!C17 -> 12500 | E18: ='Programa de Invest'!D17 -> 12500 | F18: ='Programa de Invest'!E17 -> 12500 | G18: ='Programa de Invest'!F17 -> 12500 | H18: ='Programa de Invest'!G17 -> 12500
B19: Inflação Previsional | D19: ='Programa de Invest'!C58 -> 0.041324005 | E19: ='Programa de Invest'!D58 -> 0.049588806 | F19: ='Programa de Invest'!E58 -> 0.059506567 | G19: ='Programa de Invest'!F58 -> 0.047320724 | H19: ='Programa de Invest'!G58 -> 0.037630315
B20: TAXA ATUALIZAÇÃO | C20: ='Classificação VAL CIP 2 (2)'!$C$20 -> 0.12 | J20: Calculo Auxiliar
K21: -1 | L21: -2 | M21: -3 | N21: -4 | O21: -5
B22: Determinação de fatores de atualização e da taxa de atualização | J22: =C20+1 -> 1.12 | K22: =D19+1 -> 1.041324 | L22: =E19+1 -> 1.0495888 | M22: =F19+1 -> 1.0595066 | N22: =G19+1 -> 1.0473207 | O22: =H19+1 -> 1.0376303
B24: Fator de Atualização corrigido inflação | D24: =K24 -> 0.85742491 | E24: =L24 -> 0.72364501 | F24: =M24 -> 0.59845979 | G24: =N24 -> 0.52821304 | H24: =O24 -> 0.4717334 | K24: =(J22*K22)^K21 -> 0.85742491 | L24: =(J22*L22)^L21 -> 0.72364501 | M24: =(J22*M22)^M21 -> 0.59845979 | N24: =(J22*N22)^N21 -> 0.52821304 | O24: =(J22*O22)^O21 -> 0.4717334
B25: Taxa Atualização corrigido Inflação | D25: =K25 -> 0.16628289 | E25: =L25 -> 0.17553946 | F25: =M25 -> 0.18664736 | G25: =N25 -> 0.17299921 | H25: =O25 -> 0.16214595 | K25: =($J$22*K22)-1 -> 0.16628289 | L25: =($J$22*L22)-1 -> 0.17553946 | M25: =($J$22*M22)-1 -> 0.18664736 | N25: =($J$22*N22)-1 -> 0.17299921 | O25: =($J$22*O22)-1 -> 0.16214595
B27: CLASSIFICAÇÃO DOS PROJETOS SEGUNDO : VAL-CIP
B28: Projetos | C28: Invest | D28: Cash Flow atualizados e corrigidos da inflação | I28: VAL_CIP | J28: Classificação
B29: =+B9 -> Projeto MIM | C29: =+C9 -> -25000 | D29: =+D9*D24 -> 10289.099 | E29: =+E9*E24 -> 7236.4501 | F29: =+F9*F24 -> 4787.6783 | I29: =+SUM(D29:H29)+C29 -> -2686.7726 | J29: 4º
B30: =+B10 -> Projeto MAX | C30: =+C10 -> -85000 | I30: =+SUM(D30:H30)+C30 -> -85000 | J30: 10º
B31: =+B11 -> Projeto ZAPY's | C31: =+C11 -> -50000 | D31: =D11*D24 -> 4287.1246 | E31: =E11*E24 -> 3618.2251 | F31: =F11*F24 -> 2992.2989 | G31: =G11*G24 -> 2641.0652 | I31: =+SUM(D31:H31)+C31 -> -36461.286 | J31: 6º
B32: =+B12 -> Projeto ZANA's | C32: =+C12 -> -45000 | D32: =D12*D24 -> 8574.2491 | E32: =E12*E24 -> 7236.4501 | F32: =F12*F24 -> 5984.5979 | I32: =+SUM(D32:H32)+C32 -> -23204.703 | J32: 5º
B33: =+B13 -> Projeto MAYO | C33: =+C13 -> -65000 | I33: =+SUM(D33:H33)+C33 -> -65000 | J33: 7º
B34: =+B14 -> Projeto BVIST | C34: =+C14 -> -68000 | I34: =+SUM(D34:H34)+C34 -> -68000 | J34: 8º
B35: =+B15 -> Projeto SAL | C35: =+C15 -> -25000 | E35: =E15*E24 -> 18091.125 | G35: =G15*G24 -> 7923.1956 | I35: =+SUM(D35:H35)+C35 -> 1014.321 | J35: 3º
B36: =+B16 -> Projeto PRAIA | C36: =+C16 -> -20000 | D36: =D16*D24 -> 17148.498 | E36: =E16*E24 -> 10854.675 | F36: =F16*F24 -> 8976.8968 | I36: =+SUM(D36:H36)+C36 -> 16980.07 | J36: 2º
B37: =+B17 -> Projeto DANA | C37: =+C17 -> -75000 | I37: =+SUM(D37:H37)+C37 -> -75000 | J37: 9º
B38: =+B18 -> Projeto DAMA | C38: =+C18 -> -12500 | D38: =D18*D24 -> 10717.811 | E38: =E18*E24 -> 9045.5627 | F38: =F18*F24 -> 7480.7473 | G38: =G18*G24 -> 6602.663 | H38: =H18*H24 -> 5896.6675 | I38: =+SUM(D38:H38)+C38 -> 27243.452 | J38: 1º
C41: =I28 -> VAL_CIP
B42: =B38 -> Projeto DAMA | C42: =I38 -> 27243.452
B43: =B36 -> Projeto PRAIA | C43: =I36 -> 16980.07
B44: =B35 -> Projeto SAL | C44: =I35 -> 1014.321

Sheet VAR(X) e DP
C2: CLASSIFICAÇÃO DOS PROJETOS SEGUNDO : DESVIO PADÃO, VARIANÇA
C4: Código projetos | D4: Invest. | E4: Período 1 | F4: Período 2 | G4: Período 3 | H4: Período 4 | I4: Período 5
C5: ='Programa de Invest'!A8 -> Projeto MIM | D5: ='Programa de Invest'!B8 -> 25000 | E5: ='Programa de Invest'!C8 -> 12000 | F5: ='Programa de Invest'!D8 -> 10000 | G5: ='Programa de Invest'!E8 -> 8000
C6: ='Programa de Invest'!A9 -> Projeto MAX | D6: ='Programa de Invest'!B9 -> 85000
C7: ='Programa de Invest'!A10 -> Projeto ZAPY's | D7: ='Programa de Invest'!B10 -> 50000 | E7: ='Programa de Invest'!C10 -> 5000 | F7: ='Programa de Invest'!D10 -> 5000 | G7: ='Programa de Invest'!E10 -> 5000 | H7: ='Programa de Invest'!F10 -> 5000
C8: ='Programa de Invest'!A11 -> Projeto ZANA's | D8: ='Programa de Invest'!B11 -> 45000 | E8: ='Programa de Invest'!C11 -> 10000 | F8: ='Programa de Invest'!D11 -> 10000 | G8: ='Programa de Invest'!E11 -> 10000
C9: ='Programa de Invest'!A12 -> Projeto MAYO | D9: ='Programa de Invest'!B12 -> 65000
C10: ='Programa de Invest'!A13 -> Projeto BVIST | D10: ='Programa de Invest'!B13 -> 68000
C11: ='Programa de Invest'!A14 -> Projeto SAL | D11: ='Programa de Invest'!B14 -> 25000 | F11: ='Programa de Invest'!D14 -> 25000 | H11: ='Programa de Invest'!F14 -> 15000
C12: ='Programa de Invest'!A15 -> Projeto PRAIA | D12: ='Programa de Invest'!B15 -> 20000 | E12: ='Programa de Invest'!C15 -> 20000 | F12: ='Programa de Invest'!D15 -> 15000 | G12: ='Programa de Invest'!E15 -> 15000
C13: ='Programa de Invest'!A16 -> Projeto DANA | D13: ='Programa de Invest'!B16 -> 75000
C14: ='Programa de Invest'!A17 -> Projeto DAMA | D14: ='Programa de Invest'!B17 -> 12500 | E14: ='Programa de Invest'!C17 -> 12500 | F14: ='Programa de Invest'!D17 -> 12500 | G14: ='Programa de Invest'!E17 -> 12500 | H14: ='Programa de Invest'!F17 -> 12500 | I14: ='Programa de Invest'!G17 -> 12500
C16: Determinantes | D16: Probabilidade de não Ocorrencia dos fluxos varia de acordo com o periodo
C18: ='Programa de Invest'!A23 -> Projeto MIM | D18: CF | E18: Pj | F18: CFj-M(x) | G18: (CFj -M(x))^2 | H18: Pj*(CFj -M(x))^2 | I18: Desvio Padão
C19: =E4 -> Período 1 | D19: ='Programa de Invest'!C23 -> 15000 | E19: ='Programa de Invest'!C63 -> 0.8 | F19: =+D19-$D$24 -> 0 | G19: =+F19^2 -> 0 | H19: =+G19*E19 -> 0
C20: Período 2 | D20: ='Programa de Invest'!D23 -> 15000 | E20: ='Programa de Invest'!D63 -> 0.75 | F20: =+D20-$D$24 -> 0 | G20: =+F20^2 -> 0 | H20: =+G20*E20 -> 0
C21: Período 3 | D21: ='Programa de Invest'!E23 -> 15000 | E21: ='Programa de Invest'!E63 -> 0.6 | F21: =+D21-$D$24 -> 0 | G21: =+F21^2 -> 0 | H21: =+G21*E21 -> 0
C22: Período 4 | D22: ='Programa de Invest'!F23 -> 15000 | E22: ='Programa de Invest'!F63 -> 0.69 | F22: =+D22-$D$24 -> 0 | G22: =+F22^2 -> 0 | H22: =+G22*E22 -> 0
C23: Período 5 | D23: ='Programa de Invest'!G23 -> 15000 | E23: ='Programa de Invest'!G63 -> 0.85 | F23: =+D23-$D$24 -> 0 | G23: =+F23^2 -> 0 | H23: =+G23*E23 -> 0
C24: Média CF | D24: =+AVERAGE(D19:D23) -> 15000 | G24: VAR(x) | H24: =+SUM(H19:H23) -> 0 | I24: =+SQRT(H24) -> 0
C26: =C6 -> Projeto MAX | D26: CF | E26: Pj | F26: CFj-M(x) | G26: (CFj -M(x))^2 | H26: Pj*(CFj -M(x))^2 | I26: Desvio Padão
C27: =+C19 -> Período 1 | D27: ='Programa de Invest'!C24 -> 15000 | E27: =E19 -> 0.8 | F27: =+D27-$D$32 -> -14200 | G27: =+F27^2 -> 201640000 | H27: =+G27*E27 -> 161312000
C28: Período 2 | D28: ='Programa de Invest'!D24 -> 25000 | E28: =E20 -> 0.75 | F28: =+D28-$D$32 -> -4200 | G28: =+F28^2 -> 17640000 | H28: =+G28*E28 -> 13230000
C29: Período 3 | D29: ='Programa de Invest'!E24 -> 32000 | E29: =E21 -> 0.6 | F29: =+D29-$D$32 -> 2800 | G29: =+F29^2 -> 7840000 | H29: =+G29*E29 -> 4704000
C30: Período 4 | D30: ='Programa de Invest'!F24 -> 36000 | E30: =E22 -> 0.69 | F30: =+D30-$D$32 -> 6800 | G30: =+F30^2 -> 46240000 | H30: =+G30*E30 -> 31905600
C31: Período 5 | D31: ='Programa de Invest'!G24 -> 38000 | E31: =E23 -> 0.85 | F31: =+D31-$D$32 -> 8800 | G31: =+F31^2 -> 77440000 | H31: =+G31*E31 -> 65824000
C32: Média CF | D32: =+AVERAGE(D27:D31) -> 29200 | G32: VAR(x) | H32: =+SUM(H27:H31) -> 276975600 | I32: =+SQRT(H32) -> 16642.584
C34: =C7 -> Projeto ZAPY's | D34: CF | E34: Pj | F34: CFj-M(x) | G34: (CFj -M(x))^2 | H34: Pj*(CFj -M(x))^2 | I34: Desvio Padão
C35: =+C27 -> Período 1 | D35: ='Programa de Invest'!C25 -> -8000 | E35: =E27 -> 0.8 | F35: =+D35-$D$40 -> -20814.062 | G35: =+F35^2 -> 4.332252e+08 | H35: =+G35*E35 -> 3.4658016e+08
C36: Período 2 | D36: ='Programa de Invest'!D25 -> 12500 | E36: =E28 -> 0.75 | F36: =+D36-$D$40 -> -314.0625 | G36: =+F36^2 -> 98635.254 | H36: =+G36*E36 -> 73976.44
C37: Período 3 | D37: ='Programa de Invest'!E25 -> 15625 | E37: =E29 -> 0.6 | F37: =+D37-$D$40 -> 2810.9375 | G37: =+F37^2 -> 7901369.6 | H37: =+G37*E37 -> 4740821.8
C38: Período 4 | D38: ='Programa de Invest'!F25 -> 19531.25 | E38: =E30 -> 0.69 | F38: =+D38-$D$40 -> 6717.1875 | G38: =+F38^2 -> 45120608 | H38: =+G38*E38 -> 31133219
C39: Período 5 | D39: ='Programa de Invest'!G25 -> 24414.062 | E39: =E31 -> 0.85 | F39: =+D39-$D$40 -> 11600 | G39: =+F39^2 -> 134560000 | H39: =+G39*E39 -> 114376000
C40: Média CF | D40: =+AVERAGE(D35:D39) -> 12814.062 | G40: VAR(x) | H40: =+SUM(H35:H39) -> 4.9690418e+08 | I40: =+SQRT(H40) -> 22291.348
C42: ='Programa de Invest'!A11 -> Projeto ZANA's | D42: CF | E42: Pj | F42: CFj-M(x) | G42: (CFj -M(x))^2 | H42: Pj*(CFj -M(x))^2 | I42: Desvio Padão
C43: =+C35 -> Período 1 | D43: ='Programa de Invest'!C26 -> 15000 | E43: =E35 -> 0.8 | F43: =+D43-$D$48 -> 0 | G43: =+F43^2 -> 0 | H43: =+G43*E43 -> 0
C44: Período 2 | D44: ='Programa de Invest'!D26 -> 15000 | E44: =E36 -> 0.75 | F44: =+D44-$D$48 -> 0 | G44: =+F44^2 -> 0 | H44: =+G44*E44 -> 0
C45: Período 3 | D45: ='Programa de Invest'!E26 -> 15000 | E45: =E37 -> 0.6 | F45: =+D45-$D$48 -> 0 | G45: =+F45^2 -> 0 | H45: =+G45*E45 -> 0
C46: Período 4 | D46: ='Programa de Invest'!F26 -> 15000 | E46: =E38 -> 0.69 | F46: =+D46-$D$48 -> 0 | G46: =+F46^2 -> 0 | H46: =+G46*E46 -> 0
C47: Período 5 | D47: ='Programa de Invest'!G26 -> 15000 | E47: =E39 -> 0.85 | F47: =+D47-$D$48 -> 0 | G47: =+F47^2 -> 0 | H47: =+G47*E47 -> 0
C48: Média CF | D48: =+AVERAGE(D43:D47) -> 15000 | G48: VAR(x) | H48: =+SUM(H43:H47) -> 0 | I48: =+SQRT(H48) -> 0
C51: ='Programa de Invest'!A27 -> Projeto MAYO | D51: CF | E51: Pj | F51: CFj-M(x) | G51: (CFj -M(x))^2 | H51: Pj*(CFj -M(x))^2 | I51: Desvio Padão
C52: =C43 -> Período 1 | D52: ='Programa de Invest'!C27 -> -15000 | E52: =E35 -> 0.8 | F52: =+D52-$D$57 -> -44312.5 | G52: =+F52^2 -> 1.9635977e+09 | H52: =+G52*E52 -> 1570878125
C53: =C44 -> Período 2 | D53: ='Programa de Invest'!D27 -> -10000 | E53: =E36 -> 0.75 | F53: =+D53-$D$57 -> -39312.5 | G53: =+F53^2 -> 1.5454727e+09 | H53: =+G53*E53 -> 1.1591045e+09
C54: =C45 -> Período 3 | D54: ='Programa de Invest'!E27 -> 45000 | E54: =E37 -> 0.6 | F54: =+D54-$D$57 -> 15687.5 | G54: =+F54^2 -> 2.4609766e+08 | H54: =+G54*E54 -> 1.4765859e+08
C55: =C46 -> Período 4 | D55: ='Programa de Invest'!F27 -> 56250 | E55: =E38 -> 0.69 | F55: =+D55-$D$57 -> 26937.5 | G55: =+F55^2 -> 7.2562891e+08 | H55: =+G55*E55 -> 5.0068395e+08
C56: =C47 -> Período 5 | D56: ='Programa de Invest'!G27 -> 70312.5 | E56: =E39 -> 0.85 | F56: =+D56-$D$57 -> 41000 | G56: =+F56^2 -> 1681000000 | H56: =+G56*E56 -> 1428850000
C57: Média CF | D57: =+AVERAGE(D52:D56) -> 29312.5 | G57: VAR(x) | H57: =+SUM(H52:H56) -> 4.8071752e+09 | I57: =+SQRT(H57) -> 69333.795
C59: ='Programa de Invest'!A28 -> Projeto BVIST | D59: CF | E59: Pj | F59: CFj-M(x) | G59: (CFj -M(x))^2 | H59: Pj*(CFj -M(x))^2 | I59: Desvio Padão
C60: =C52 -> Período 1 | D60: ='Programa de Invest'!C28 -> 15000 | E60: =E52 -> 0.8 | F60: =+D60-$D$65 -> -7324.8 | G60: =+F60^2 -> 53652695 | H60: =+G60*E60 -> 42922156
C61: =C53 -> Período 2 | D61: ='Programa de Invest'!D28 -> 18000 | E61: =E53 -> 0.75 | F61: =+D61-$D$65 -> -4324.8 | G61: =+F61^2 -> 18703895 | H61: =+G61*E61 -> 14027921
C62: =C54 -> Período 3 | D62: ='Programa de Invest'!E28 -> 21600 | E62: =E54 -> 0.6 | F62: =+D62-$D$65 -> -724.8 | G62: =+F62^2 -> 525335.04 | H62: =+G62*E62 -> 315201.02
C63: =C55 -> Período 4 | D63: ='Programa de Invest'!F28 -> 25920 | E63: =E55 -> 0.69 | F63: =+D63-$D$65 -> 3595.2 | G63: =+F63^2 -> 12925463 | H63: =+G63*E63 -> 8918569.5
C64: =C56 -> Período 5 | D64: ='Programa de Invest'!G28 -> 31104 | E64: =E56 -> 0.85 | F64: =+D64-$D$65 -> 8779.2 | G64: =+F64^2 -> 77074353 | H64: =+G64*E64 -> 65513200
C65: Média CF | D65: =+AVERAGE(D60:D64) -> 22324.8 | G65: VAR(x) | H65: =+SUM(H60:H64) -> 1.3169705e+08 | I65: =+SQRT(H65) -> 11475.933
C67: ='Programa de Invest'!A29 -> Projeto SAL | D67: CF | E67: Pj | F67: CFj-M(x) | G67: (CFj -M(x))^2 | H67: Pj*(CFj -M(x))^2 | I67: Desvio Padão
C68: =C60 -> Período 1 | D68: ='Programa de Invest'!C29 -> 20000 | E68: =E60 -> 0.8 | F68: =+D68-$D$73 -> -16172.4 | G68: =+F68^2 -> 2.6154652e+08 | H68: =+G68*E68 -> 2.0923722e+08
C69: =C61 -> Período 2 | D69: ='Programa de Invest'!D30 -> 26000 | E69: =E61 -> 0.75 | F69: =+D69-$D$73 -> -10172.4 | G69: =+F69^2 -> 1.0347772e+08 | H69: =+G69*E69 -> 77608291
C70: =C62 -> Período 3 | D70: ='Programa de Invest'!E30 -> 33800 | E70: =E62 -> 0.6 | F70: =+D70-$D$73 -> -2372.4 | G70: =+F70^2 -> 5628281.8 | H70: =+G70*E70 -> 3376969.1
C71: =C63 -> Período 4 | D71: ='Programa de Invest'!F30 -> 43940 | E71: =E63 -> 0.69 | F71: =+D71-$D$73 -> 7767.6 | G71: =+F71^2 -> 60335610 | H71: =+G71*E71 -> 41631571
C72: =C64 -> Período 5 | D72: ='Programa de Invest'!G30 -> 57122 | E72: =E64 -> 0.85 | F72: =+D72-$D$73 -> 20949.6 | G72: =+F72^2 -> 4.3888574e+08 | H72: =+G72*E72 -> 3.7305288e+08
C73: Média CF | D73: =+AVERAGE(D68:D72) -> 36172.4 | G73: VAR(x) | H73: =+SUM(H68:H72) -> 7.0490693e+08 | I73: =+SQRT(H73) -> 26550.083
C75: ='Programa de Invest'!A30 -> Projeto PRAIA | D75: CF | E75: Pj | F75: CFj-M(x) | G75: (CFj -M(x))^2 | H75: Pj*(CFj -M(x))^2 | I75: Desvio Padão
C76: =C68 -> Período 1 | D76: ='Programa de Invest'!C30 -> 20000 | E76: =E68 -> 0.8 | F76: =+D76-$D$81 -> -16172.4 | G76: =+F76^2 -> 2.6154652e+08 | H76: =+G76*E76 -> 2.0923722e+08
C77: =C69 -> Período 2 | D77: ='Programa de Invest'!D30 -> 26000 | E77: =E69 -> 0.75 | F77: =+D77-$D$81 -> -10172.4 | G77: =+F77^2 -> 1.0347772e+08 | H77: =+G77*E77 -> 77608291
C78: =C70 -> Período 3 | D78: ='Programa de Invest'!E30 -> 33800 | E78: =E70 -> 0.6 | F78: =+D78-$D$81 -> -2372.4 | G78: =+F78^2 -> 5628281.8 | H78: =+G78*E78 -> 3376969.1
C79: =C71 -> Período 4 | D79: ='Programa de Invest'!F30 -> 43940 | E79: =E71 -> 0.69 | F79: =+D79-$D$81 -> 7767.6 | G79: =+F79^2 -> 60335610 | H79: =+G79*E79 -> 41631571
C80: =C72 -> Período 5 | D80: ='Programa de Invest'!G30 -> 57122 | E80: =E72 -> 0.85 | F80: =+D80-$D$81 -> 20949.6 | G80: =+F80^2 -> 4.3888574e+08 | H80: =+G80*E80 -> 3.7305288e+08
C81: Média CF | D81: =+AVERAGE(D76:D80) -> 36172.4 | G81: VAR(x) | H81: =+SUM(H76:H80) -> 7.0490693e+08 | I81: =+SQRT(H81) -> 26550.083
C83: ='Programa de Invest'!A31 -> Projeto DANA | D83: CF | E83: Pj | F83: CFj-M(x) | G83: (CFj -M(x))^2 | H83: Pj*(CFj -M(x))^2 | I83: Desvio Padão
C84: =C76 -> Período 1 | D84: ='Programa de Invest'!C31 -> -10000 | E84: =E76 -> 0.8 | F84: =+D84-$D$89 -> -35200 | G84: =+F84^2 -> 1239040000 | H84: =+G84*E84 -> 991232000
C85: =C77 -> Período 2 | D85: ='Programa de Invest'!D31 -> 30000 | E85: =E77 -> 0.75 | F85: =+D85-$D$89 -> 4800 | G85: =+F85^2 -> 23040000 | H85: =+G85*E85 -> 17280000
C86: =C78 -> Período 3 | D86: ='Programa de Invest'!E31 -> 32000 | E86: =E78 -> 0.6 | F86: =+D86-$D$89 -> 6800 | G86: =+F86^2 -> 46240000 | H86: =+G86*E86 -> 27744000
C87: =C79 -> Período 4 | D87: ='Programa de Invest'!F31 -> 36000 | E87: =E79 -> 0.69 | F87: =+D87-$D$89 -> 10800 | G87: =+F87^2 -> 116640000 | H87: =+G87*E87 -> 80481600
C88: =C80 -> Período 5 | D88: ='Programa de Invest'!G31 -> 38000 | E88: =E80 -> 0.85 | F88: =+D88-$D$89 -> 12800 | G88: =+F88^2 -> 163840000 | H88: =+G88*E88 -> 139264000
C89: Média CF | D89: =+AVERAGE(D84:D88) -> 25200 | G89: VAR(x) | H89: =+SUM(H84:H88) -> 1256001600 | I89: =+SQRT(H89) -> 35440.113
C91: ='Programa de Invest'!A32 -> Projeto DAMA | D91: CF | E91: Pj | F91: CFj-M(x) | G91: (CFj -M(x))^2 | H91: Pj*(CFj -M(x))^2 | I91: Desvio Padão
C92: =C84 -> Período 1 | D92: ='Programa de Invest'!C32 -> -10000 | E92: =E84 -> 0.8 | F92: =+D92-$D$97 -> -42400 | G92: =+F92^2 -> 1797760000 | H92: =+G92*E92 -> 1438208000
C93: =C85 -> Período 2 | D93: ='Programa de Invest'!D32 -> 30000 | E93: =E85 -> 0.75 | F93: =+D93-$D$97 -> -2400 | G93: =+F93^2 -> 5760000 | H93: =+G93*E93 -> 4320000
C94: =C86 -> Período 3 | D94: ='Programa de Invest'!E31 -> 32000 | E94: =E86 -> 0.6 | F94: =+D94-$D$97 -> -400 | G94: =+F94^2 -> 160000 | H94: =+G94*E94 -> 96000
C95: =C87 -> Período 4 | D95: ='Programa de Invest'!F32 -> 50000 | E95: =E87 -> 0.69 | F95: =+D95-$D$97 -> 17600 | G95: =+F95^2 -> 309760000 | H95: =+G95*E95 -> 2.137344e+08
C96: =C88 -> Período 5 | D96: ='Programa de Invest'!G32 -> 60000 | E96: =E88 -> 0.85 | F96: =+D96-$D$97 -> 27600 | G96: =+F96^2 -> 761760000 | H96: =+G96*E96 -> 647496000
C97: Média CF | D97: =+AVERAGE(D92:D96) -> 32400 | G97: VAR(x) | H97: =+SUM(H92:H96) -> 2303854400 | I97: =+SQRT(H97) -> 47998.483

Sheet Classificação VAL CIP 2 (2)
B2: FICHA 3 | C2: CRITERIO DE AVALIAÇÃO E ESCOLHA DE PROJETOS DE INVESTIMENTO
B8: Código projetos | C8: Invest. | D8: Período 1 | E8: Período 2 | F8: Período 3 | G8: Período 4 | H8: Período 5
B9: ='Programa de Invest'!A8 -> Projeto MIM | C9: =-'Programa de Invest'!B8 -> -25000 | D9: ='Programa de Invest'!C8 -> 12000 | E9: ='Programa de Invest'!D8 -> 10000 | F9: ='Programa de Invest'!E8 -> 8000 | G9: ='Programa de Invest'!F8 -> 0 | H9: ='Programa de Invest'!G8 -> 0
B10: ='Programa de Invest'!A9 -> Projeto MAX | C10: =-'Programa de Invest'!B9 -> -85000 | D10: ='Programa de Invest'!C9 -> 0 | E10: ='Programa de Invest'!D9 -> 0 | F10: ='Programa de Invest'!E9 -> 0 | G10: ='Programa de Invest'!F9 -> 0 | H10: ='Programa de Invest'!G9 -> 0
B11: ='Programa de Invest'!A10 -> Projeto ZAPY's | C11: =-'Programa de Invest'!B10 -> -50000 | D11: ='Programa de Invest'!C10 -> 5000 | E11: ='Programa de Invest'!D10 -> 5000 | F11: ='Programa de Invest'!E10 -> 5000 | G11: ='Programa de Invest'!F10 -> 5000 | H11: ='Programa de Invest'!G10 -> 0
B12: ='Programa de Invest'!A11 -> Projeto ZANA's | C12: =-'Programa de Invest'!B11 -> -45000 | D12: ='Programa de Invest'!C11 -> 10000 | E12: ='Programa de Invest'!D11 -> 10000 | F12: ='Programa de Invest'!E11 -> 10000 | G12: ='Programa de Invest'!F11 -> 0 | H12: ='Programa de Invest'!G11 -> 0
B13: ='Programa de Invest'!A12 -> Projeto MAYO | C13: =-'Programa de Invest'!B12 -> -65000 | D13: ='Programa de Invest'!C12 -> 0 | E13: ='Programa de Invest'!D12 -> 0 | F13: ='Programa de Invest'!E12 -> 0 | G13: ='Programa de Invest'!F12 -> 0 | H13: ='Programa de Invest'!G12 -> 0
B14: ='Programa de Invest'!A13 -> Projeto BVIST | C14: =-'Programa de Invest'!B13 -> -68000 | D14: ='Programa de Invest'!C13 -> 0 | E14: ='Programa de Invest'!D13 -> 0 | F14: ='Programa de Invest'!E13 -> 0 | G14: ='Programa de Invest'!F13 -> 0 | H14: ='Programa de Invest'!G13 -> 0
B15: ='Programa de Invest'!A14 -> Projeto SAL | C15: =-'Programa de Invest'!B14 -> -25000 | D15: ='Programa de Invest'!C14 -> 0 | E15: ='Programa de Invest'!D14 -> 25000 | F15: ='Programa de Invest'!E14 -> 0 | G15: ='Programa de Invest'!F14 -> 15000 | H15: ='Programa de Invest'!G14 -> 0
B16: ='Programa de Invest'!A15 -> Projeto PRAIA | C16: =-'Programa de Invest'!B15 -> -20000 | D16: ='Programa de Invest'!C15 -> 20000 | E16: ='Programa de Invest'!D15 -> 15000 | F16: ='Programa de Invest'!E15 -> 15000 | G16: ='Programa de Invest'!F15 -> 0 | H16: ='Programa de Invest'!G15 -> 0
B17: ='Programa de Invest'!A16 -> Projeto DANA | C17: =-'Programa de Invest'!B16 -> -75000 | D17: ='Programa de Invest'!C16 -> 0 | E17: ='Programa de Invest'!D16 -> 0 | F17: ='Programa de Invest'!E16 -> 0 | G17: ='Programa de Invest'!F16 -> 0 | H17: ='Programa de Invest'!G16 -> 0
B18: ='Programa de Invest'!A17 -> Projeto DAMA | C18: =-'Programa de Invest'!B17 -> -12500 | D18: ='Programa de Invest'!C17 -> 12500 | E18: ='Programa de Invest'!D17 -> 12500 | F18: ='Programa de Invest'!E17 -> 12500 | G18: ='Programa de Invest'!F17 -> 12500 | H18: ='Programa de Invest'!G17 -> 12500
B19: Inflação Previsional | C19: ='Programa de Invest'!B58 -> 0 | D19: ='Programa de Invest'!C58 -> 0.041324005 | E19: ='Programa de Invest'!D58 -> 0.049588806 | F19: ='Programa de Invest'!E58 -> 0.059506567 | G19: ='Programa de Invest'!F58 -> 0.047320724 | H19: ='Programa de Invest'!G58 -> 0.037630315
B20: TAXA ATUALIZAÇÃO | C20: ='Programa de Invest'!B37 -> 0.12 | K20: Calculo Auxiliar
K21: -1 | L21: -2 | M21: -3 | N21: -4 | O21: -5
B22: Determinação de fatores de atualização e da taxa de atualização | J22: =C20+1 -> 1.12 | K22: =D19+1 -> 1.041324 | L22: =E19+1 -> 1.0495888 | M22: =F19+1 -> 1.0595066 | N22: 1 | O22: 1
B24: Fator de Atualização corrigido inflação | D24: =K24 -> 0.85742491 | E24: =L24 -> 0.72364501 | F24: =M24 -> 0.59845979 | G24: =N24 -> 0.63551808 | H24: =O24 -> 0.56742686 | K24: =(J22*K22)^K21 -> 0.85742491 | L24: =(J22*L22)^L21 -> 0.72364501 | M24: =(J22*M22)^M21 -> 0.59845979 | N24: =(J22*N22)^N21 -> 0.63551808 | O24: =(J22*O22)^O21 -> 0.56742686
B25: Taxa Atualização corrigido Inflação | D25: =K25 -> 0.16628289 | E25: =L25 -> 0.17553946 | F25: =M25 -> 0.18664736 | G25: =N25 -> 0.12 | H25: =O25 -> 0.12 | K25: =($J$22*K22)-1 -> 0.16628289 | L25: =($J$22*L22)-1 -> 0.17553946 | M25: =($J$22*M22)-1 -> 0.18664736 | N25: =($J$22*N22)-1 -> 0.12 | O25: =($J$22*O22)-1 -> 0.12
B27: CLASSIFICAÇÃO DOS PROJETOS SEGUNDO : VAL-CIP
B28: Projetos | C28: Invest | D28: Cash Flow atualizados e corrigidos da inflação | I28: VAL_CIP | J28: Classificação
B29: =+B9 -> Projeto MIM | C29: =+C9 -> -25000 | D29: =+D9 -> 12000 | E29: =+E9 -> 10000 | F29: =+F9 -> 8000 | G29: =+G9 -> 0 | H29: =+H9 -> 0 | I29: =+SUM(D29:H29)+C29 -> 5000 | J29: 7º
B30: =+B10 -> Projeto MAX | C30: =+C10 -> -85000 | D30: =+D10*$D$24 -> 0 | E30: =+E10*$D$24 -> 0 | F30: =+F10*$D$24 -> 0 | G30: =+G10*$D$24 -> 0 | H30: =+H10*$D$24 -> 0 | I30: =+SUM(D30:H30)+C30 -> -85000 | J30: 6º
B31: =+B11 -> Projeto ZAPY's | C31: =+C11 -> -50000 | D31: =+D11*$D$24 -> 4287.1246 | E31: =+E11*$D$24 -> 4287.1246 | F31: =+F11*$D$24 -> 4287.1246 | G31: =+G11*$D$24 -> 4287.1246 | H31: =+H11*$D$24 -> 0 | I31: =+SUM(D31:H31)+C31 -> -32851.502 | J31: 1º
B32: =+B12 -> Projeto ZANA's | C32: =+C12 -> -45000 | D32: =+D12*$D$24 -> 8574.2491 | E32: =+E12*$D$24 -> 8574.2491 | F32: =+F12*$D$24 -> 8574.2491 | G32: =+G12*$D$24 -> 0 | H32: =+H12*$D$24 -> 0 | I32: =+SUM(D32:H32)+C32 -> -19277.253 | J32: 5º
B33: =+B13 -> Projeto MAYO | C33: =+C13 -> -65000 | D33: =+D13*$D$24 -> 0 | E33: =+E13*$D$24 -> 0 | F33: =+F13*$D$24 -> 0 | G33: =+G13*$D$24 -> 0 | H33: =+H13*$D$24 -> 0 | I33: =+SUM(D33:H33)+C33 -> -65000 | J33: 4º
B34: =+B14 -> Projeto BVIST | C34: =+C14 -> -68000 | D34: =+D14*$D$24 -> 0 | E34: =+E14*$D$24 -> 0 | F34: =+F14*$D$24 -> 0 | G34: =+G14*$D$24 -> 0 | H34: =+H14*$D$24 -> 0 | I34: =+SUM(D34:H34)+C34 -> -68000 | J34: 2º
B35: =+B15 -> Projeto SAL | C35: =+C15 -> -25000 | D35: =+D15*$D$24 -> 0 | E35: =+E15*$D$24 -> 21435.623 | F35: =+F15*$D$24 -> 0 | G35: =+G15*$D$24 -> 12861.374 | H35: =+H15*$D$24 -> 0 | I35: =+SUM(D35:H35)+C35 -> 9296.9965 | J35: 9º
B36: =+B16 -> Projeto PRAIA | C36: =+C16 -> -20000 | D36: =+D16*$D$24 -> 17148.498 | E36: =+E16*$D$24 -> 12861.374 | F36: =+F16*$D$24 -> 12861.374 | G36: =+G16*$D$24 -> 0 | H36: =+H16*$D$24 -> 0 | I36: =+SUM(D36:H36)+C36 -> 22871.246 | J36: 3º
B37: =+B17 -> Projeto DANA | C37: =+C17 -> -75000 | D37: =+D17*$D$24 -> 0 | E37: =+E17*$D$24 -> 0 | F37: =+F17*$D$24 -> 0 | G37: =+G17*$D$24 -> 0 | H37: =+H17*$D$24 -> 0 | I37: =+SUM(D37:H37)+C37 -> -75000
B38: =+B18 -> Projeto DAMA | C38: =+C18 -> -12500 | D38: =+D18*$D$24 -> 10717.811 | E38: =+E18*$D$24 -> 10717.811 | F38: =+F18*$D$24 -> 10717.811 | G38: =+G18*$D$24 -> 10717.811 | H38: =+H18*$D$24 -> 10717.811 | I38: =+SUM(D38:H38)+C38 -> 41089.057 | J38: 8º

Sheet Resumo Geral
A5: RESUMO GERAL DAS CLASSIFICAÇÕES - MATRIZ DE DECISÃO
A8: CLASSIFICAÇÃO DOS PROJETOS SEGUNDO : VAL, IR, TIR e PBP e VAL-CIP, VAR(X) E DP(VAR(X))
A10: PROJETOS | B10: VAL | C10: Classificação | D10: IR | E10: Classificação | F10: TIR | G10: Classificação | H10: PBP (anos) | I10: Classificação | J10: VAL-CIP | K10: Classificação | L10: VAR(X) | M10: Calssicação | N10: DP(VAR) | O10: Calssicação
A11: ='Programa de Invest'!A8 -> Projeto MIM | B11: ='Multipla sem inflação'!B11 -> 4691.1766 | C11: 8º | D11: ='Multipla sem inflação'!B13 -> 1.0950007 | E11: 8º | F11: ='Multipla sem inflação'!B23 -> 0.077697066 | G11: 8º | H11: ='Multipla sem inflação'!B36 -> 3.6666667 | I11: 7º | J11: ='Classificação VAL CIP '!I29 -> -2686.7726 | K11: ='Classificação VAL CIP '!J29 -> 4º | L11: ='VAR(X) e DP'!H24 -> 0 | M11: 9 | N11: ='VAR(X) e DP'!I24 -> 0 | O11: 1º
A12: ='Programa de Invest'!A9 -> Projeto MAX | B12: ='VAL Unica Sem Inflação'!C14 -> 15540.543 | C12: 4º | D12: ='VAL Unica Sem Inflação'!C16 -> 1.1828299 | E12: 6º | F12: ='VAL Unica Sem Inflação'!C18 -> 0.18143778 | G12: 4º | H12: ='VAL Unica Sem Inflação'!C20 -> 3.3611111 | I12: 3º | J12: ='Classificação VAL CIP '!I30 -> -85000 | K12: ='Classificação VAL CIP '!J30 -> 10º | L12: ='VAR(X) e DP'!H32 -> 276975600 | M12: 6º | N12: ='VAR(X) e DP'!I32 -> 16642.584 | O12: 3º
A13: ='Programa de Invest'!A10 -> Projeto ZAPY's | B13: ='Multipla sem inflação'!B49 -> -24977.457 | C13: 10º | D13: ='Multipla sem inflação'!B51 -> 0.59719728 | E13: 10º | F13: ='Multipla sem inflação'!B61 -> -0.018182846 | G13: 10º | H13: >5 | I13: 10º | J13: ='Classificação VAL CIP '!I31 -> -36461.286 | K13: ='Classificação VAL CIP '!J31 -> 6º | L13: ='VAR(X) e DP'!H40 -> 4.9690418e+08 | M13: 5º | N13: ='VAR(X) e DP'!I40 -> 22291.348 | O13: 4º
A14: ='Programa de Invest'!A11 -> Projeto ZANA's | B14: ='Multipla sem inflação'!B86 -> -14946.67 | C14: 9º | D14: ='Multipla sem inflação'!B88 -> 0.78343907 | E14: 9º | F14: ='Multipla sem inflação'!B98 -> 0 | G14: 9º | H14: ='Multipla sem inflação'!B111 -> 5 | I14: 9º | J14: ='Classificação VAL CIP '!I32 -> -23204.703 | K14: ='Classificação VAL CIP '!J32 -> 5º | L14: ='VAR(X) e DP'!H48 -> 0 | M14: 9 | N14: ='VAR(X) e DP'!I48 -> 0 | O14: 1º
A15: ='Programa de Invest'!A12 -> Projeto MAYO | B15: ='VAL Unica Sem Inflação'!C31 -> 21310.408 | C15: 3º | D15: ='VAL Unica Sem Inflação'!C33 -> 1.3278524 | E15: 3º | F15: ='VAL Unica Sem Inflação'!C35 -> 0.18830111 | G15: 2º | H15: ='VAL Unica Sem Inflação'!C37 -> 3.8 | I15: 8º | J15: ='Classificação VAL CIP '!I33 -> -65000 | K15: ='Classificação VAL CIP '!J33 -> 7º | L15: ='VAR(X) e DP'!H57 -> 4.8071752e+09 | M15: 1º | N15: ='VAR(X) e DP'!I57 -> 69333.795 | O15: 8º
A16: ='Programa de Invest'!A13 -> Projeto BVIST | B16: ='VAL Unica Sem Inflação'!C48 -> 12238.674 | C16: 6º | D16: ='VAL Unica Sem Inflação'!C50 -> 1.1882873 | E16: 5º | F16: ='VAL Unica Sem Inflação'!C52 -> 0.18448072 | G16: 3º | H16: ='VAL Unica Sem Inflação'!C54 -> 3.4012346 | I16: 4º | J16: ='Classificação VAL CIP '!I34 -> -68000 | K16: ='Classificação VAL CIP '!J34 -> 8º | L16: ='VAR(X) e DP'!H65 -> 1.3169705e+08 | M16: 7º | N16: ='VAR(X) e DP'!I65 -> 11475.933 | O16: 2º
A17: ='Programa de Invest'!A14 -> Projeto SAL | B17: ='Multipla sem inflação'!B122 -> 12816.187 | C17: 5º | D17: ='Multipla sem inflação'!B124 -> 1.2708326 | E17: 4º | F17: ='Multipla sem inflação'!B134 -> 0.11575948 | G17: 7º | H17: ='Multipla sem inflação'!B147 -> 3.5 | I17: 5º | J17: ='Classificação VAL CIP '!I35 -> 1014.321 | K17: ='Classificação VAL CIP '!J35 -> 3º | L17: ='VAR(X) e DP'!H73 -> 7.0490693e+08 | M17: 4º | N17: ='VAR(X) e DP'!I73 -> 26550.083 | O17: 5º
A18: ='Programa de Invest'!A15 -> Projeto PRAIA | B18: ='Multipla sem inflação'!B159 -> 62487.823 | C18: 1º | D18: ='Multipla sem inflação'!B161 -> 2.0329974 | E18: 2º | F18: ='Multipla sem inflação'!B171 -> 0.21088976 | G18: 1º | H18: ='Multipla sem inflação'!B184 -> 2.4787234 | I18: 1º | J18: ='Classificação VAL CIP '!I36 -> 16980.07 | K18: ='Classificação VAL CIP '!J36 -> 2º | L18: ='VAR(X) e DP'!H81 -> 7.0490693e+08 | M18: 4º | N18: ='VAR(X) e DP'!I81 -> 26550.083 | O18: 5º
A19: ='Programa de Invest'!A16 -> Projeto DANA | B19: ='VAL Unica Sem Inflação'!C65 -> 7205.0842 | C19: 7º | D19: ='VAL Unica Sem Inflação'!C67 -> 1.0960678 | E19: 7º | F19: ='VAL Unica Sem Inflação'!C69 -> 0.14795089 | G19: 5º | H19: ='VAL Unica Sem Inflação'!C71 -> 3.6388889 | I19: 6º | J19: ='Classificação VAL CIP '!I37 -> -75000 | K19: ='Classificação VAL CIP '!J37 -> 9º | L19: ='VAR(X) e DP'!H89 -> 1256001600 | M19: 3º | N19: ='VAR(X) e DP'!I89 -> 35440.113 | O19: 6º
A20: ='Programa de Invest'!A17 -> Projeto DAMA | B20: ='Multipla sem inflação'!B197 -> 51720.268 | C20: 2º | D20: ='Multipla sem inflação'!B199 -> 2.2162924 | E20: 1º | F20: ='Multipla sem inflação'!B209 -> 0.13251736 | G20: 6º | H20: ='Multipla sem inflação'!B222 -> 2.6363636 | I20: 2º | J20: ='Classificação VAL CIP '!I38 -> 27243.452 | K20: ='Classificação VAL CIP '!J38 -> 1º | L20: ='VAR(X) e DP'!H97 -> 2303854400 | M20: 2º | N20: ='VAR(X) e DP'!I97 -> 47998.483 | O20: 7º
B22: Os 3 Melhore Projectos levando em conta a taxa de juro real de cada ano segundo o VAL-CIP e não o VAL que leva em conta a taxa de juro efectivo
A23: OS TRES MELHORES PROJETOS
A24: Projetos | B24: Invest | C24: VAL | D24: Classificação | E24: IR | F24: Classificação | G24: TIR | H24: Classificação | I24: PBP | J24: Classificação | K24: =+J10 -> VAL-CIP | L24: Classificação | M24: =+L10 -> VAR(X) | N24: Classificação | O24: =+N10 -> DP(VAR) | P24: Classificação
A25: =A20 -> Projeto DAMA | B25: ='Programa de Invest'!H17 -> 75000 | C25: =B20 -> 51720.268 | D25: 2º | E25: =D20 -> 2.2162924 | F25: 1º | G25: =F20 -> 0.13251736 | H25: 2º | I25: =H20 -> 2.6363636 | J25: 2º | K25: =J20 -> 27243.452 | L25: 1º | M25: =L20 -> 2303854400 | N25: 1º | O25: =N20 -> 47998.483 | P25: 1º
A26: =A18 -> Projeto PRAIA | B26: ='Programa de Invest'!H15 -> 70000 | C26: =B18 -> 62487.823 | D26: 1º | E26: =D18 -> 2.0329974 | F26: 2º | G26: =F18 -> 0.21088976 | H26: 1º | I26: =H18 -> 2.4787234 | J26: 1º | K26: =J18 -> 16980.07 | L26: 2º | M26: =L18 -> 7.0490693e+08 | N26: 2º | O26: =N18 -> 26550.083 | P26: 2º
A27: =A17 -> Projeto SAL | B27: ='Programa de Invest'!H14 -> 65000 | C27: =B17 -> 12816.187 | D27: =+'[3]Classicação 1'!E43 -> 3º | E27: =D17 -> 1.2708326 | F27: =+'[3]Classicação 1'!G43 -> 3º | G27: =F17 -> 0.11575948 | H27: 3º | I27: =H17 -> 3.5 | J27: 3º | K27: =J17 -> 1014.321 | L27: 3º | M27: =L17 -> 7.0490693e+08 | N27: 2º | O27: =N17 -> 26550.083 | P27: 2º
B28: =+SUM(B25:B27) -> 210000 | C28: =+SUM(C25:C27) -> 127024.28
A30: =A25 -> Projeto DAMA | B30: Projeto com maoir investimento | E30: =+A25 -> Projeto DAMA | F30: =+A27 -> Projeto SAL | G30: Projeto com menor investimento
A31: =A25 -> Projeto DAMA | B31: Projeto com maior Rentabilidade | E31: =+A27 -> Projeto SAL | G31: Projeto com menor Rentabilidade
A32: =A26 -> Projeto PRAIA | B32: Projeto com maior espetativa de rentabilidade | E32: =+A27 -> Projeto SAL | G32: Projeto com menor espetativa de rentabilidade
A33: =A25 -> Projeto DAMA | B33: Projeto com maior risco | E33: =+A27 -> Projeto SAL | G33: Projeto com menor risco
A34: =A27 -> Projeto SAL | B34: Projeto com maior de recuperação | E34: =A26 -> Projeto PRAIA | G34: Projeto com menor tempo de recuperação
D36: Atendendo ao contexto de restrição de 130.000, o projecto que deve ser financiados é
E37: =B24 -> Invest | F37: RECURSO Disponivel | G37: VAL | H37: =D10 -> IR | I37: =F10 -> TIR | J37: =H10 -> PBP (anos) | K37: =J10 -> VAL-CIP | L37: =L10 -> VAR(X) | M37: =N10 -> DP(VAR)
D38: =A25 -> Projeto DAMA | E38: =B25 -> 75000 | F38: =SUM(E38:E39) -> 75000 | G38: =C25 -> 51720.268 | H38: =E25 -> 2.2162924 | I38: =G25 -> 0.13251736 | J38: =I25 -> 2.6363636 | K38: =K25 -> 27243.452 | L38: =M25 -> 2303854400 | M38: =O25 -> 47998.483
L39: =N11 -> 0 | M39: =N11 -> 0
